 Dungeon Crawl Stone Soup version 0.20-a0-633-gff4aa5c (webtiles) character file.

555 polly the Skirmisher (level 7, -1/76 HPs)
             Began as an Ogre Berserker on Feb 12, 2017.
             Was a Priest of Trog.
             Slain by a killer bee (2 damage)
             ... on level 3 of the Dungeon.
             The game lasted 00:04:57 (3592 turns).

polly the Skirmisher (Ogre Berserker)               Turns: 3592, Time: 00:04:58

Health: -1/76      AC:  6    Str: 20    XL:     7   Next: 30%
Magic:  7/7        EV: 11    Int: 14    God:    Trog [***...]
Gold:   157        SH:  0    Dex:  9    Spells: 6/6 levels left

rFire    . . .     SeeInvis .   a - +0 mace
rCold    . . .     Gourm    .   b - +0 animal skin
rNeg     . . .     Faith    .   (no shield)
rPois    .         Spirit   .   (helmet restricted)
rElec    .         Reflect  .   m - +0 cloak
rCorr    .         Harm     .   (gloves unavailable)
MR       .....                  (boots unavailable)
Stlth    +.........             (no amulet)
Regen    0.3/turn               (no ring)
                                (no ring)

@: brilliant, lethally poisoned (-1 -> -17), exhausted, flying, slowed, very
slow
A: unfitting armour, horns 2, slimy green scales 1, tough skin 1, weak 1
a: Berserk, Trog's Hand, Burn Spellbooks, Renounce Religion


You were on level 3 of the Dungeon.
You worshipped Trog.
Trog was most pleased with you.
You were hungry.

You visited 1 branch of the dungeon, and saw 3 of its levels.

You collected 157 gold pieces.

Inventory:

Hand Weapons
 a - a +0 mace (weapon)
Armour
 b - a +0 animal skin (worn)
 m - a +0 cloak (worn)
Scrolls
 d - 2 scrolls of identify {unknown}
 e - 3 scrolls of amnesia {unknown}
 g - 2 scrolls of enchant armour {unknown}
 i - 4 scrolls of remove curse {unknown}
 j - a scroll of random uselessness {unknown}
 l - 2 scrolls of teleportation {unknown}
 o - a scroll of magic mapping {unknown}
 p - a scroll of enchant weapon {unknown}
Potions
 n - a potion of flight
 u - a potion of ambrosia {unknown}
Comestibles
 c - 2 bread rations
 f - 2 meat rations
 h - 2 royal jellies
 k - 9 fruits


   Skills:
 + Level 6.5 Fighting
 + Level 5.1 Maces & Flails
 + Level 4.3 Dodging
 + Level 1.0 Stealth


You had 6 spell levels left.
You didn't know any spells.

Dungeon Overview and Level Annotations

Branches:
Dungeon (3/15)

Altars:
Cheibriados


Innate Abilities, Weirdness & Mutations

You are too large for most types of armour.
You have tough skin. (AC +1)
You have a pair of horns on your head.
You are partially covered in slimy green scales. (AC +2)
You are weak. (Str -2)


Message History

* * * LOW HITPOINT WARNING * * *
The killer bee completely misses you. The killer bee stings you.
* * * LOW HITPOINT WARNING * * *
You are lethally poisoned!
The killer bee poisons you!
It was a potion of brilliance.
You feel clever all of a sudden.
* * * LOW HITPOINT WARNING * * *
You feel sick. The killer bee barely misses you. x2
The killer bee stings you.
* * * LOW HITPOINT WARNING * * *
You are more poisoned.
The killer bee poisons you!
You barely miss the killer bee. You headbutt the killer bee!
You kill the killer bee!
Trog accepts your kill.
* * * LOW HITPOINT WARNING * * *
You feel very sick. The killer bee stings you.
You die...

#.# #.# ########..
### ###......... #..
.......)..## #.#
##..###.#.##
#.####..##.....#
#####(#.........#..#
#..@y...#...###>#..#
#.###.#.............
#.# #......#######.#
#.# ######## #.. #.#
#####.# ####.####
....... #.......#
.#####. #.##.##.#
..#####. #.##.##.#
.....[.


You could see a killer bee.

Vanquished Creatures
  Sigmund (D:3)
  A bullfrog (D:3)
  4 killer bees (D:3)
  7 adders
  4 gnolls
  A worm (D:2)
  2 dart slugs (D:1)
  A leopard gecko (D:2)
  7 giant cockroaches
  4 goblins
  9 hobgoblins
  10 kobolds
  3 ball pythons
  8 bats
  7 frilled lizards
  7 rats
76 creatures vanquished.

Notes
Turn   | Place    | Note
-------+----------+-------------------------------------------
     0 | D:1      | polly the Ogre Berserker began the quest for the Orb.
     0 | D:1      | Reached XP level 1. HP: 24/24 MP: 1/1
    22 | D:1      | Reached XP level 2. HP: 5/32 MP: 2/2
   676 | D:1      | HP: 1/32 [dart slug (1)]
   867 | D:1      | Reached XP level 3. HP: 40/40 MP: 3/3
  1683 | D:2      | Reached ** piety under Trog
  1691 | D:2      | Reached XP level 4. HP: 9/49 MP: 4/4
  2088 | D:2      | HP: 1/49 [adder (3)]
  2102 | D:2      | Reached skill level 5 in Fighting
  2595 | D:2      | Reached XP level 5. HP: 35/57 MP: 5/5
  2894 | D:3      | Noticed Sigmund
  2908 | D:3      | Killed Sigmund
  2908 | D:3      | Reached XP level 6. HP: 51/67 MP: 6/6
  3060 | D:3      | Found a snail-covered altar of Cheibriados.
  3089 | D:3      | Reached skill level 6 in Fighting
  3089 | D:3      | Reached skill level 1 in Stealth
  3575 | D:3      | Reached *** piety under Trog
  3582 | D:3      | Reached XP level 7. HP: 32/76 MP: 7/7
  3585 | D:3      | Reached skill level 5 in Maces & Flails
  3588 | D:3      | Gained mutation: You have a pair of small horns on your head. [potion of mutation]
  3588 | D:3      | Gained mutation: You are weak. (Str -2) [potion of mutation]
  3588 | D:3      | Gained mutation: You have a pair of horns on your head. [potion of mutation]
  3588 | D:3      | Gained mutation: You are partially covered in slimy green scales. (AC +2) [potion of mutation]
  3592 | D:3      | HP: 1/76 [poisoned by a killer bee]
  3592 | D:3      | Slain by a killer bee

Vault maps used:
D:1:      minmay_arrival_plants_in_alcoves, minmay_shallow_snake_nest
D:2:      first_bread
D:3:      cheibriados_altar_1, uniq_sigmund

Skill      XL: |  1  2  3  4  5  6  7 |
---------------+----------------------+-----
Dodging        | 3 4 |  4.3
Maces & Flails | 3 4 5 |  5.1
Fighting       | 5 6 |  6.5
Stealth        | 1 |  1.0

Action                   |  1- 3 |  4- 6 |  7- 9 || total
-------------------------+-------+-------+-------++-------
Melee: Mace              |   111 |   171 |     6 ||   288
       Headbutt          |       |       |     1 ||     1
Invok: Berserk           |     1 |     3 |       ||     4
  Use: Potion            |     1 |     3 |     4 ||     8
 Stab: Sleeping          |     1 |     2 |       ||     3
  Eat: Chunk             |     2 |     6 |       ||     8
       Bread ration      |       |     1 |       ||     1
Armor: Animal skin       |    59 |    50 |     4 ||   113
Dodge: Dodged            |   116 |   135 |    13 ||   264
